 Dungeon Crawl Stone Soup version 0.31-a0-675-g238779eb0a (webtiles) character file.

Game seed: 18403255149702031696

24252 AiryTheDragon the Thaumaturge (level 12, -15/83 HPs)
             Began as a Demonspawn Hedge Wizard on Sept 5, 2023.
             Was an Elder of Nemelex Xobeh.
             Killed from afar by an acid blob (39 damage)
             ... with a splash of acid
             ... on level 4 of the Lair of Beasts on Sept 6, 2023.
             The game lasted 03:35:13 (15426 turns).

AiryTheDragon the Thaumaturge (DsHW)               Turns: 15426, Time: 03:35:14

Health: -15/83     AC: 10    Str: 13    XL:     12   Next: 79%
Magic:  26/33      EV: 14    Int: 24    God:    Nemelex Xobeh [****..]
Gold:   619        SH:  9    Dex: 19    Spells: 3/27 levels left

rFire   . . .        w - +3 battleaxe (spect)
rCold   . . .        (shield currently unavailable)
rNeg    . . .        X - +0 troll leather armour
rPois   .            l - +1 helmet
rElec   .            n - +2 cloak {Will+}
rCorr   .            U - +0 pair of gloves
SInv    .            (no boots)
Will    +....        M - amulet of reflection
Stlth   +++          r - ring of magical power
HPRegen 1.13/turn    E - +6 ring of dexterity
MPRegen 0.23/turn

%: reflection, clarity
@: swift, corroded, very quick
A: icemail 1, big brain 2, condensation shield, weakness stinger 2, clarity,
clever 1, wild magic 1, inability to read after injury 1
a: Renounce Religion, Draw Escape, Draw Destruction, Draw Summoning, Triple
Draw, Deal Four


You were on level 4 of the Lair of Beasts.
You worshipped Nemelex Xobeh.
Nemelex Xobeh was greatly pleased with you.
You visited 5 branches of the dungeon, and saw 17 of its levels.

You collected 767 gold pieces.
You spent 148 gold pieces at shops.

Inventory:

Hand Weapons
 j - a +1 scimitar of flaming
 o - a +4 halberd of freezing
 w - a +3 spectral battleaxe (weapon)
 C - a +2 flail of protection
 F - a +1 rapier of venom
 O - a +1 whip of electrocution
 Q - a +1 war axe of flaming
 W - the +5 glaive of a wizard's laboratory {freeze, rCorr}
   (You found it on level 9 of the Dungeon)

   rCorr:     It protects you from acid and corrosion.
Missiles
 T - 6 boomerangs
 Z - 6 javelins
Armour
 c - a +1 chain mail of fire resistance
 h - the +8 chain mail of Niujuq {Rampage rElec Dex+2}
   (You found it on level 1 of the Lair of Beasts)

   Dex+2:     It affects your dexterity (+2).
   rElec:     It insulates you from electricity.
   Rampage:   It bestows one free step when moving towards enemies.
 k - a +2 robe of willpower
 l - a +1 helmet (worn)
 n - a +2 cloak of willpower (worn)
 G - a +0 kite shield
 K - a +2 robe of cold resistance
 U - a +0 pair of gloves (worn)
 V - an orb of mayhem
 X - a +0 troll leather armour (worn)
Magical Staves
 N - a staff of cold
Jewellery
 r - a ring of magical power (left hand)
 t - a ring of poison resistance
 v - an amulet of guardian spirit
 E - a +6 ring of dexterity (right hand)
 M - an amulet of reflection (around neck)
Talismans
 B - a flux talisman
 J - a maw talisman
Wands
 a - a wand of paralysis (4)
 p - a wand of mindburst (8)
 q - a wand of flame (23)
 y - a wand of iceblast (14)
 D - a wand of polymorph (9)
 R - a wand of digging (8)
Scrolls
 f - a scroll of silence
 i - 4 scrolls of fog
 m - a scroll of poison
 z - 4 scrolls of immolation
 I - 6 scrolls of teleportation
 L - a scroll of summoning
 P - a scroll of torment {unknown}
Potions
 b - a potion of mutation
 d - a potion of magic
 e - 6 potions of attraction
 g - 2 potions of cancellation
 s - 2 potions of invisibility
 u - 4 potions of curing
 x - 2 potions of ambrosia
 A - a potion of heal wounds
 H - 2 potions of might
 Y - a potion of brilliance {unknown}


   Skills:
 + Level 4.0 Fighting
 + Level 0.5 Short Blades
 + Level 7.3(7.7) Axes
 + Level 3.1(5.6) Polearms
 + Level 0.1 Throwing
 * Level 5.2 Armour
 + Level 4.3 Dodging
 + Level 4.9 Stealth
 + Level 2.1 Shields
 + Level 8.2 Spellcasting
 + Level 3.4 Conjurations
 + Level 4.3 Hexes
 + Level 6.8 Summonings
 + Level 3.7 Translocations
 + Level 4.1 Transmutations
 * Level 0.7 Ice Magic
 + Level 3.1 Air Magic
 * Level 3.8 Poison Magic
 * Level 2.9 Invocations
 + Level 5.4 Evocations
 + Level 5.3 Shapeshifting


You had 3 spell levels left.
You knew the following spells:

 Your Spells              Type           Power      Damage    Failure   Level
a - Magic Dart            Conj           100%       1d8       3%          1
b - Call Imp              Summ           100%       N/A       1%          2
c - Blink                 Tloc           72%        N/A       4%          2
d - Mephitic Cloud        Conj/Pois/Air  34%        N/A       9%          3
e - Swiftness             Air            32%        N/A       10%         3
f - Passwall              Tmut/Erth      20%        N/A       8%          2
g - Hailstorm             Conj/Ice       25%        3d7       14%         3
h - Gell's Gravitas       Tloc           36%        N/A       8%          3
i - Summon Ice Beast      Ice/Summ       36%        N/A       22%         4
j - Slow                  Hex            100%       N/A       2%          1

Your spell library contained the following spells:

 Spells                   Type           Power      Damage    Failure   Level
 Summon Small Mammal      Summ           100%       N/A       1%          1
 Call Canine Familiar     Summ           53%        N/A       2%          3
 Apportation              Tloc           72%        N/A       3%          1
 Shock                    Conj/Air       100%       1d9       3%          1
 Summon Guardian Golem    Hex/Summ       47%        N/A       4%          3
 Tukima's Dance           Hex            40%        N/A       6%          3
 Ensorcelled Hibernation  Hex/Ice        56%        N/A       7%          2
 Portal Projectile        Hex/Tloc       76%        N/A       7%          3
 Cigotuvi's Dreadful Rot  Necr/Pois/Air  54%        N/A       8%          2
 Teleport Other           Tloc           36%        N/A       8%          3
 Necrotise                Necr           48%        1d6       12%         1
 Manifold Assault         Tloc           36%        N/A       24%         4
 Iskenderun's Mystic Bla  Conj/Tloc      35%        2d8       26%         4
 Airstrike                Air            16%        2d(3-19)  30%         4
 Leda's Liquefaction      Hex/Erth       13%        N/A       41%         4
 Dispersal                Tloc           18%        N/A       97%         6
 Simulacrum               Ice/Necr       7%         N/A       100%        6
 Orb of Destruction       Conj           17%        9d7       100%        7
 Spellforged Servitor     Conj/Summ      22%        N/A       100%        7


Dungeon Overview and Level Annotations

Branches:
Dungeon (10/15)            Temple (1/1) D:6            Lair (4/5) D:10
 Shoals (1/4) Lair:3        Snake (1/4) Lair:3        Slime (0/5) Lair:4
    Orc (0/2) D:9

Altars:
Ashenzari
Cheibriados
Dithmenos
Fedhas
Gozag
Hepliaklqana
Kikubaaqudgha
Makhleb
Nemelex Xobeh
Okawaru
Qazlal
Ru
Trog
Uskayaw
Vehumet
Wu Jian
Xom
Yredelemnul

Shops:
D:4 (?*   D:10 (

Annotations:
Shoals:1 Frances


Innate Abilities, Weirdness & Mutations

A meltable icy envelope protects you from harm. (AC +4)
You have an extremely huge brain. (Int +4)
A meltable shield of frost defends you. (SH +4)
You have a tail ending in a sharp stinger.
You possess an exceptional clarity of mind.
Your mind is acute. (Int +4, Str/Dex -1)
Your spells are a little harder to cast, but a little more powerful.
You occasionally lose the ability to read scrolls when taking damage.


Message History

You hit the acid blob. The acid corrodes you!
Your hands burn!
The acid blob is moderately wounded.
Your +3 spectral battleaxe hits the acid blob but does no damage.
Your +3 spectral battleaxe is burned by acid!
Your spectral weapon shares its damage with you!
The acid blob jiggles.
Your cerulean imp hits the acid blob from afar with a +1 spear.
The acid blob hits you!
You are splashed with acid!
Your ice beast hits the acid blob.
Your ice beast freezes the acid blob!
Your ice beast is burned by acid!
You swap places.
Your +3 spectral battleaxe disappears.
The acid blob spits acid at you.
The splash of acid hits your cerulean imp!
The acid corrodes your cerulean imp!
Your cerulean imp dies!
Your cerulean imp disappears in a puff of smoke!
Casting: Swiftness (dangerous; 10% risk of failure)
Confirm with . or Enter, or press ? or * to list all spells.
A tiny devil pulls itself out of the air.
You swap places.
The acid blob attacks as it pursues you!
The acid blob hits you!!
* * * LOW HITPOINT WARNING * * *
You are splashed with acid!
* * * LOW HITPOINT WARNING * * *
Unknown command.
Okay, then.
You feel much better. The acid blob completely misses you.
Your cerulean imp hits the acid blob with a +1 spear.
Your cerulean imp is burned by acid!
Your ice beast hits the acid blob.
Your ice beast freezes the acid blob.
Your ice beast is burned by acid!
The acid blob hits your cerulean imp!!
Your cerulean imp dies!
Your cerulean imp disappears in a puff of smoke!
The acid blob spits acid at you. The splash of acid hits you!!!
You die...
Your body glows with a rainbow of weird colours and disappears.

##...........
..P........ #.P........
.#####.. #.......#
........ ##....).#
##.....# #.......##
##>.....# #........##
##......#####...@JY...#
.................§J...#
.................##J###
P................#...#
##.#.............#...#
P# ##............#.>.#
## ##...........#####
##............
#............


You could see 3 acid blobs and a friendly ice beast (summoned).

Vanquished Creatures
  Fannar (Lair:3)
  A two-headed ogre (D:9)
  Pikel (D:8)
  6 elephants (Lair:2)
  A black mamba (Lair:2)
  5 cane toads
  An unseen horror (D:10)
  4 komodo dragons
  2 rime drakes
  A troll (D:10)
  4 polar bears
  12 blink frogs
  A snapping turtle (Lair:3)
  Sigmund (D:4)
  A water elemental (Shoals:1)
  2 wyverns
  19 yaks
  A basilisk (Lair:1)
  2 nagas (Lair:3)
  2 steam dragons
  Edmund (D:5)
  A warg (D:9)
  An acid dragon (Lair:3)
  7 water moccasins
  3 nameless horrors
  An ice beast (D:8)
  3 orc warriors
  2 black bears
  8 wolves
  7 centaurs
  10 bullfrogs
  2 scorpions
  A gnoll sergeant (D:6)
  Dowan (D:5)
  9 killer bees
  8 electric eels
  3 howler monkeys (D:10)
  4 orc priests
  7 hounds
  2 jellies (D:7)
  A sleepcap (D:5)
  An iguana (D:5)
  3 hell rats (Lair:3)
  5 orc wizards
  5 gnolls (D:6)
  7 adders
  3 dart slugs
  21 orcs
  6 ball pythons
  2 bats
  6 endoplasms
  4 giant cockroaches
  8 hobgoblins
  5 jackals (D:4)
  3 kobolds
  4 frilled lizards
  2 goblins
  4 rats
239 creatures vanquished.

Vanquished Creatures (collateral kills)
  Erica (Lair:2)
  Urug (Lair:2)
  A cane toad (Lair:2)
  6 blink frogs
  A polar bear (Lair:3)
  Grinder (D:5)
  A hornet (D:9)
  A yak (Lair:3)
  A wyvern (D:9)
  A steam dragon (D:9)
  3 water moccasins
  A nameless horror (Lair:2)
  2 wolves
  A phantom (D:4)
  A bullfrog (Lair:4)
  2 killer bees
  A hell rat (Lair:3)
  2 adders (D:2)
  6 orcs
  A goblin (D:4)
35 creatures vanquished.

Vanquished Creatures (others)
  A killer bee (D:8)
1 creature vanquished.

Grand Total: 275 creatures vanquished

Notes
Turn   | Place    | Note
-------+----------+-------------------------------------------
     0 | D:1      | AiryTheDragon the Demonspawn Hedge Wizard began the quest
                  | for the Orb.
     0 | D:1      | Reached XP level 1. HP: 13/13 MP: 4/4
   390 | D:1      | Gained mutation: You have a small tail. [demonic ancestry]
   390 | D:1      | Reached XP level 2. HP: 19/19 MP: 3/6
   854 | D:1      | Learned a level 2 spell: Call Imp
   857 | D:1      | Learned a level 2 spell: Blink
  1611 | D:2      | Gained mutation: You have an unusually large brain. (Int
                  | +2) [demonic ancestry]
  1611 | D:2      | Reached XP level 3. HP: 12/24 MP: 4/8
  1792 | D:2      | Found a faded altar of an unknown god.
  2184 | D:2      | Reached skill level 4 in Spellcasting
  2782 | D:3      | Reached XP level 4. HP: 30/30 MP: 10/10
  2985 | D:3      | Found a snail-covered altar of Cheibriados.
  3341 | D:4      | Found Vaurall's Antique Weapon Boutique.
  3386 | D:4      | Found a broken altar of Ashenzari.
  3521 | D:4      | Found Siqamoer's Magic Scroll Shop.
  3522 | D:4      | Found Loah's General Store.
  3522 | D:4      | Noticed Sigmund
  3533 | D:4      | Killed Sigmund
  3534 | D:4      | Reached skill level 1 in Polearms
  3534 | D:4      | Reached skill level 1 in Armour
  3534 | D:4      | Reached skill level 1 in Evocations
  3534 | D:4      | Reached XP level 5. HP: 35/36 MP: 11/11
  3534 | D:4      | Bought a scroll of enchant weapon for 82 gold pieces
  3534 | D:4      | Bought a scroll of identify for 22 gold pieces
  3534 | D:4      | Bought a scroll of immolation for 44 gold pieces
  3572 | D:4      | Reached XP level 6. HP: 42/42 MP: 12/12
  3696 | D:4      | Learned a level 3 spell: Mephitic Cloud
  3700 | D:4      | Learned a level 3 spell: Swiftness
  4072 | D:5      | Entered Level 5 of the Dungeon
  4232 | D:5      | Noticed Edmund
  4259 | D:5      | Killed Edmund
  4260 | D:5      | Reached skill level 1 in Fighting
  4260 | D:5      | Reached skill level 1 in Axes
  4260 | D:5      | Gained mutation: A meltable shield of frost defends you.
                  | (SH +4) [demonic ancestry]
  4260 | D:5      | Reached XP level 7. HP: 11/48 MP: 0/13
  4718 | D:5      | Reached skill level 1 in Shapeshifting
  4900 | D:5      | Noticed Grinder
  4911 | D:5      | Paralysed by Grinder for 4 turns
  4915 | D:5      | Gained mutation: Your spells are a little easier to cast,
                  | but a little less powerful. [potion of mutation]
  4915 | D:5      | Gained mutation: You possess an exceptional clarity of
                  | mind. [potion of mutation]
  4920 | D:5      | Killed Grinder
  5049 | D:5      | Noticed Duvessa
  5055 | D:5      | Duvessa changed into Duvessa the orc
  5055 | D:5      | Noticed Duvessa
  5055 | D:5      | Noticed Dowan
  5058 | D:5      | Killed Dowan
  5059 | D:5      | Reached skill level 1 in Air Magic
  5060 | D:5      | Killed Duvessa the orc
  5587 | D:6      | Reached skill level 1 in Shields
  5587 | D:6      | Gained mutation: You have an extremely huge brain. (Int +4)
                  | [demonic ancestry]
  5587 | D:6      | Reached XP level 8. HP: 51/54 MP: 10/15
  5591 | D:6      | Reached skill level 5 in Spellcasting
  5812 | D:6      | Learned a level 2 spell: Passwall
  5815 | D:6      | Learned a level 2 spell: Ensorcelled Hibernation
  5861 | D:6      | Reached skill level 1 in Poison Magic
  5994 | D:6      | Found a staircase to the Ecumenical Temple.
  6009 | Temple   | Entered the Ecumenical Temple
  6015 | Temple   | Became a worshipper of Nemelex Xobeh the Trickster
  6697 | D:7      | Found a blossoming altar of Fedhas.
  7051 | D:7      | Reached * piety under Nemelex Xobeh
  7677 | D:7      | Received a gift from Nemelex Xobeh
  8246 | D:8      | Reached ** piety under Nemelex Xobeh
  8312 | D:8      | Gained mutation: A meltable icy envelope protects you from
                  | harm. (AC +4) [demonic ancestry]
  8312 | D:8      | Reached XP level 9. HP: 52/61 MP: 17/17
  8375 | D:8      | Noticed Pikel
  8381 | D:8      | Killed Pikel
  8493 | D:8      | Reached skill level 5 in Summonings
  8567 | D:8      | Received a gift from Nemelex Xobeh
  8671 | D:8      | Lost mutation: You possess an exceptional clarity of mind.
                  | [potion of mutation]
  8671 | D:8      | Lost mutation: Your spells are a little easier to cast, but
                  | a little less powerful. [potion of mutation]
  8671 | D:8      | Gained mutation: You possess an exceptional clarity of
                  | mind. [potion of mutation]
  8671 | D:8      | Gained mutation: Your mind is acute. (Int +4, Str/Dex -1)
                  | [potion of mutation]
  8671 | D:8      | Gained mutation: You occasionally lose the ability to read
                  | scrolls when taking damage. [potion of mutation]
  8671 | D:8      | Gained mutation: Your spells are a little harder to cast,
                  | but a little more powerful. [potion of mutation]
  8802 | D:8      | Learned a level 3 spell: Gell's Gravitas
  8811 | D:8      | Reached skill level 6 in Spellcasting
  9318 | D:9      | Found a basalt altar of Yredelemnul.
  9420 | D:9      | Found a staircase to the Orcish Mines.
  9431 | D:9      | Reached XP level 10. HP: 63/68 MP: 19/19
  9432 | D:9      | Reached skill level 1 in Translocations
  9520 | D:9      | Received a gift from Nemelex Xobeh
  9542 | D:9      | Noticed a two-headed ogre
  9552 | D:9      | Killed a two-headed ogre
  9553 | D:9      | Reached skill level 5 in Evocations
  9556 | D:9      | Reached skill level 5 in Axes
  9721 | D:9      | Paralysed by a hornet for 3 turns
  9724 | D:9      | Paralysed by a hornet for 2 turns
  9730 | D:9      | Paralysed by a hornet for 1 turns
  9991 | D:9      | Reached *** piety under Nemelex Xobeh
 10217 | D:9      | Identified the +5 glaive of a wizard's laboratory {freeze,
                  | rCorr}
 10346 | D:10     | Entered Level 10 of the Dungeon
 10376 | D:10     | Received a gift from Nemelex Xobeh
 10521 | D:10     | Reached skill level 5 in Shapeshifting
 10746 | D:10     | Found a staircase to the Lair.
 10851 | D:10     | Found Wawnu's Weapon Shoppe.
 10891 | Lair:1   | Entered Level 1 of the Lair of Beasts
 11103 | Lair:1   | Reached XP level 11. HP: 59/75 MP: 17/21
 11249 | Lair:1   | Received a gift from Nemelex Xobeh
 11305 | Lair:1   | Upgraded the game from 0.31-a0-672-g7da72447bb to
                  | 0.31-a0-675-g238779eb0a
 11401 | Lair:1   | Found a bloodstained altar of Trog.
 11459 | Lair:1   | Reached skill level 1 in Transmutations
 11475 | Lair:1   | Reached skill level 1 in Hexes
 11479 | Lair:1   | Identified the +8 chain mail of Niujuq {Rampage rElec
                  | Dex+2}
 12040 | Lair:2   | Noticed Erica
 12051 | Lair:2   | Noticed Urug
 12104 | Lair:2   | Reached skill level 7 in Spellcasting
 12387 | Lair:2   | Reached **** piety under Nemelex Xobeh
 12400 | Lair:2   | Learned a level 4 spell: Summon Ice Beast
 12402 | Lair:2   | Learned a level 1 spell: Slow
 12445 | Lair:2   | Killed Erica
 13155 | Lair:2   | Noticed a nameless horror
 13166 | Lair:2   | Killed a nameless horror
 13167 | Lair:2   | Gained mutation: You have a tail ending in a sharp stinger.
                  | [demonic ancestry]
 13167 | Lair:2   | Reached XP level 12. HP: 74/82 MP: 0/23
 13352 | Lair:2   | Received a gift from Nemelex Xobeh
 13574 | Lair:2   | Killed Urug
 13697 | Lair:3   | Noticed Fannar
 13705 | Lair:3   | Killed Fannar
 14283 | Lair:3   | Reached skill level 1 in Invocations
 14470 | Lair:3   | Found a staircase to the Shoals.
 14482 | Lair:3   | Reached skill level 8 in Spellcasting
 14485 | Shoals:1 | Entered Level 1 of the Shoals
 14599 | Shoals:1 | Noticed Frances
 14599 | Shoals:1 | Noticed a merfolk aquamancer
 14600 | Shoals:1 | Noticed a merfolk impaler
 14981 | Lair:3   | Found a staircase to the Snake Pit.
 14984 | Lair:3   | Received a gift from Nemelex Xobeh
 14990 | Snake:1  | Entered Level 1 of the Snake Pit
 15044 | Lair:3   | Learned a level 3 spell: Hailstorm
 15216 | Lair:4   | Reached skill level 5 in Armour
 15293 | Lair:4   | Received a gift from Nemelex Xobeh
 15406 | Lair:4   | Found a runed translucent door.
 15411 | Lair:4   | Noticed an acid blob
 15413 | Lair:4   | Found a staircase to the Slime Pits.
 15413 | Lair:4   | Noticed an acid blob
 15413 | Lair:4   | Noticed an acid blob
 15425 | Lair:4   | HP: 1/83 [acid (8)]
 15426 | Lair:4   | Killed from afar by an acid blob

Illustrated notes

Levels and vault maps discovered:
D:1:      evilmike_arrival_crescent, layout_basic, grunt_decor_mini_mirrors
D:2:      layout_basic, basic_altar, chequers_ecumenical_altar_simple,
          minmay_tree_intersection
D:3:      layout_loops_ring, mainiacjoe_overflow_alcove_4
D:4:      layout_cave_pools, overflow_temple_1_default,
          hangedman_decor_clover_reticule, minivault_19, nrook_loot_triangle,
          nicolae_take_the_stairs, nicolae_wooded_promenade, minmay_quantized,
          uniq_sigmund
D:5:      layout_basic, uniq_grinder, uniq_duvessa, uniq_edmund
D:6:      layout_basic, minmay_temple_entry_statues_fountains
D:7:      layout_basic, mainiacjoe_overflow_brackets, serial_rivers,
          chequers_serial_rivers_room_b, chequers_serial_rivers_small_b,
          chequers_serial_rivers_small_3, chequers_serial_rivers_micro_b,
          chequers_serial_rivers_marsh, chequers_serial_rivers_micro_a,
          serial_bayou_lake_a
D:8:      layout_loops_corners, uniq_pikel
D:9:      layout_long_grid, yredelemnul_altar_generic, david_orc_3,
          minmay_misc_feat_nine_boxes, grunt_ministairs_7
D:10:     layout_rooms, overflow_temple_1_default, mainiacjoe_overflow_paths,
          erik_lair_island, serial_shops, nicolae_shop_bloodbath_and_beyond,
          grunt_decor_fettered
Temple:   nicolae_temple_x_marks_the_god
Lair:1:   layout_regular_city, basic_altar
Lair:2:   layout_concentric_octagons, st_stairs_6, dreamdust_mushroom_princess,
          uniq_erica, uniq_urug
Lair:3:   layout_hall_layers, minmay_shoals_entry_hut,
          nicolae_snake_entry_squirm, uniq_fannar
Lair:4:   hellmonk_ruined_rings, layout_layer_cave, slime_entry_2, uniq_snorg
Shoals:1: layout_shoals, nicolae_shoals_seven_spires, uniq_frances, uniq_roxanne
Snake:1:  layout_basic, serial_shops, nicolae_shop_crystal, drop_trap

Skill      XL: |  1  2  3  4  5  6  7  8  9 10 11 12 |
---------------+-------------------------------------+-----
Dodging        | 2 3 4 |  4.3
Spellcasting   | 4 5 6 7 8 |  8.2
Polearms       | 1 3 |  3.1
Armour         | 1 3 5 |  5.2
Stealth        | 2 3 4 |  4.9
Conjurations   | 2 3 |  3.4
Summonings     | 2 3 4 5 6 |  6.8
Evocations     | 1 2 3 4 5 |  5.4
Fighting       | 1 2 3 4 |  4.0
Axes           | 1 3 4 5 6 7 |  7.3
Shapeshifting  | 1 2 4 5 |  5.3
Air Magic      | 1 2 3 |  3.1
Shields        | 1 2 |  2.1
Poison Magic   | 1 2 3 |  3.8
Translocations | 3 |  3.7
Transmutations | 3 4 |  4.1
Hexes          | 3 4 |  4.3
Invocations    | 2 |  2.9
Short Blades   | |  0.5
Throwing       | |  0.1
Ice Magic      | |  0.7

Action                     |  1- 3 |  4- 6 |  7- 9 | 10-12 || total
---------------------------+-------+-------+-------+-------++-------
  Melee: Dagger            |    87 |       |       |       ||    87
         Tailslap          |    13 |    10 |    24 |    61 ||   108
         Trident           |    10 |    38 |       |       ||    48
         Battleaxe         |       |    37 |   141 |   271 ||   449
         Glaive            |       |       |       |    38 ||    38
  Throw: Boomerang         |       |       |       |     3 ||     3
   Cast: Magic Dart        |    49 |    24 |    29 |     8 ||   110
         Call Imp          |     2 |    11 |    42 |    89 ||   144
         Mephitic Cloud    |       |       |    17 |    51 ||    68
         Swiftness         |       |       |     9 |     3 ||    12
         Ensorcelled Hiber |       |       |     2 |       ||     2
         Gell's Gravitas   |       |       |     1 |     6 ||     7
         Summon Ice Beast  |       |       |       |    26 ||    26
         Slow              |       |       |       |     1 ||     1
  Evoke: Wand              |       |     1 |     7 |     3 ||    11
    Use: Scroll            |     3 |     6 |     8 |    11 ||    28
         Potion            |       |       |     3 |     7 ||    10
   Stab: Sleeping          |     1 |     4 |     3 |     2 ||    10
         Confused          |       |       |     6 |    27 ||    33
         Distracted        |       |       |     2 |     6 ||     8
 Armour: Robe              |     4 |    25 |   160 |    70 ||   259
         Ring mail         |    36 |    26 |       |       ||    62
         Troll leather arm |       |       |       |   158 ||   158
         Chain mail        |       |       |       |    29 ||    29
  Dodge: Dodged            |    63 |    46 |   115 |   194 ||   418
  Block: Other             |       |       |    35 |    73 ||   108

Table legend: (Time is in decaauts)
 A = Elapsed time spent in this place.
 B = Non-inter-level travel time spent in this place.
 C = Inter-level travel time spent in this place.
 D = Time resting spent in this place.
 E = Time spent auto-exploring this place.
 F = Levels seen in this place.
 G = Mean time per level.
                   A        B        C        D        E       F      G
               +--------+--------+--------+--------+--------+-----+--------+
         Total |  15713 |  15178 |    535 |   1147 |  11135 |  17 |  924.3 |
       Dungeon |  11083 |  10614 |    469 |    704 |   8020 |  10 | 1108.3 |
        Temple |     12 |      2 |     10 |      0 |      0 |   1 |   12.0 |
          Lair |   4493 |   4437 |     56 |    348 |   3115 |   4 | 1123.2 |
        Shoals |    121 |    121 |      0 |     95 |      0 |   1 |  121.0 |
     Snake Pit |      1 |      1 |      0 |      0 |      0 |   1 |    1.0 |
               +--------+--------+--------+--------+--------+-----+--------+

Top non-repeatable levels by time:
  Lair:2: 1790 daAuts
     D:5: 1546 daAuts
     D:7: 1509 daAuts
     D:2: 1313 daAuts
  Lair:3: 1293 daAuts
     D:9: 1279 daAuts
     D:8: 1113 daAuts
     D:1: 1107 daAuts
     D:6: 1076 daAuts
  Lair:1: 1061 daAuts
     D:3: 855 daAuts
     D:4: 815 daAuts
    D:10: 465 daAuts
  Lair:4: 348 daAuts
Shoals:1: 121 daAuts
